 Dungeon Crawl Stone Soup version 0.25-a0-482-g9b3b753f3f (webtiles) character file.

Game seed: 17790931297199767849, levelgen mode: deterministic

25 HawFromDerth the Firebug (level 2, 0/20 HPs)
             Began as a Draconian Fire Elementalist on Feb 10, 2020.
             Slain by an adder (5 damage)
             ... on level 2 of the Dungeon.
             The game lasted 00:06:45 (1575 turns).

HawFromDerth the Firebug (DrFE)                     Turns: 1575, Time: 00:06:46

Health: 0/20       AC:  5    Str: 10    XL:     2   Next: 82%
Magic:  2/5        EV: 12    Int: 15    God:
Gold:   70         SH:  0    Dex: 13    Spells: 4/5 levels left

rFire    . . .     SeeInvis .   d - +0 dagger
rCold    . . .     Gourm    .   (no shield)
rNeg     . . .     Faith    .   (armour unavailable)
rPois    .         Spirit   .   (helmet restricted)
rElec    .         Reflect  .   (no cloak)
rCorr    .         Harm     .   f - +0 pair of gloves
MR       .....                  (no boots)
Stlth    ++........             a - amulet of rage
HPRegen  0.06/turn              (no ring)
MPRegen  0.09/turn              (no ring)

@: very slightly contaminated
A: unfitting armour, big wings, agile 1, cold-blooded, AC +4
a: Fly, Evoke Berserk Rage


You were on level 2 of the Dungeon.
You were not hungry.

You visited 1 branch of the dungeon, and saw 2 of its levels.

You collected 70 gold pieces.

Inventory:

Hand Weapons
 d - a +0 dagger (weapon)
Armour
 f - a +0 pair of gloves (worn)
Jewellery
 a - an amulet of rage (around neck)
Potions
 c - a potion of agility
 e - a potion of heal wounds {unknown}
 h - a potion of curing {unknown}
Comestibles
 b - 2 rations


   Skills:
 + Level 0.1 Fighting
 + Level 0.8 Short Blades
 + Level 1.9 Dodging
 + Level 2.0 Stealth
 * Level 2.1 Spellcasting
 + Level 1.0 Conjurations
 * Level 3.5 Fire Magic


You had 4 spell levels left.
You knew the following spells:

 Your Spells              Type           Power        Failure   Level  Hunger
a - Foxfire               Conj/Fire      #...         9%          1    #......

Your spell library contained the following spells:

 Spells                   Type           Power        Failure   Level  Hunger
 Magic Dart               Conj           #...         14%         1    #......
 Conjure Flame            Conj/Fire      #.......     26%         3    ###....
 Blink                    Tloc           N/A          32%         2    ###....
 Call Imp                 Summ           #.......     32%         2    ###....
 Slow                     Hex            #.......     32%         2    ###....
 Inner Flame              Hex/Fire       #.......     32%         3    ###....
 Mephitic Cloud           Conj/Pois/Air  #.......     50%         3    ###....
 Sticky Flame             Conj/Fire      #.......     63%         4    #####..
 Fireball                 Conj/Fire      #.........   93%         5    ######.


Dungeon Overview and Level Annotations

Branches:
Dungeon (2/15)

Altars:

Annotations:
D:2 Sigmund


Innate Abilities, Weirdness & Mutations

Your plain brown scales are hard. (AC +4)
You cannot fit into any form of body armour.
You are cold-blooded and may be slowed by cold attacks.
Your large and strong wings let you fly indefinitely.
You are agile. (Dex +2)


Message History

You miscast Foxfire.
You are very lightly contaminated with residual magic.
Nothing appears to happen.
Something barely misses you. Something hits you!
Ouch! That really hurt!
* * * LOW HITPOINT WARNING * * *
There is an open door here.
Casting: Foxfire (safe; 9% risk of failure)
Confirm with . or Enter, or press ? or * to list all spells.
You conjure some foxfire!
The foxfire hits something.
The foxfire hits something.
Casting: Foxfire (safe; 9% risk of failure)
Confirm with . or Enter, or press ? or * to list all spells.
You conjure some foxfire!
Something hits you but does no damage.
The foxfire hits something but does no damage. x2
Casting: Foxfire (safe; 9% risk of failure)
Confirm with . or Enter, or press ? or * to list all spells.
You conjure some foxfire!
The adder bites you.
You die...

#...........)..#...##.
#..................##.
#.#####.########.#####
#.#<.....# #.#####
#.#.###..#######.#....
#.#.# #>............).
#.#####.##########.#..
#...v...# #....
#....@..# ###.#
##...Sv.# ... #(.....#
.... #......# ....
#......# ....
#########'#.#
#.....S...#.#
#.#########.# #.#


You could see an adder.

Vanquished Creatures
  A leopard gecko (D:2)
  4 goblins (D:2)
  5 hobgoblins
  A quokka (D:2)
  2 bats
  4 kobolds
  5 rats
22 creatures vanquished.

Vanquished Creatures (others)
  54 foxfires
54 creatures vanquished.

Grand Total: 76 creatures vanquished

Notes
Turn   | Place    | Note
-------+----------+-------------------------------------------
     0 | D:1      | HawFromDerth the Draconian Fire Elementalist began the
                  | quest for the Orb.
     0 | D:1      | Reached XP level 1. HP: 14/14 MP: 3/3
   531 | D:1      | Gained mutation: You are agile. (Dex +2) [potion of
                  | mutation]
   531 | D:1      | Gained mutation: Your large and strong wings let you fly
                  | indefinitely. [potion of mutation]
   886 | D:2      | Reached XP level 2. HP: 16/20 MP: 3/5
  1561 | D:2      | Noticed Sigmund
  1575 | D:2      | Slain by an adder

Levels and vault maps discovered:
D:1:      denvon_arrival_planthouse, layout_basic
D:2:      layout_basic, uniq_sigmund

Skill      XL: |  1  2 |
---------------+-------+-----
Stealth        | 2 |  2.0
Fighting       | |  0.1
Short Blades   | |  0.8
Dodging        | |  1.9
Spellcasting   | |  2.1
Conjurations   | |  1.0
Fire Magic     | |  3.5

Action                   || total
-------------------------++-------
Melee: Dagger            ||    31
       Tailslap          ||     5
 Cast: Foxfire           ||    40
  Use: Scroll            ||     3
       Potion            ||     2
  Eat: Chunk             ||     2
       Ration            ||     1
Armor: Skin              ||     6
Dodge: Dodged            ||    23

Table legend:
 A = Non-vault XP
 B = Vault XP
 C = Vault XP percentage of total XP
 D = Non-vault monster count
 E = Vault monster count
 F = Vault count percentage of total count
                 A         B        C        D         E       F
            +---------+---------+-------+---------+---------+-------
      Total |      36 |       0 |   0.0 |      22 |       0 |   0.0
            +---------+---------+-------+---------+---------+-------
        D:1 |      11 |       0 |   0.0 |       8 |       0 |   0.0
        D:2 |      25 |       0 |   0.0 |      14 |       0 |   0.0
            +---------+---------+-------+---------+---------+-------
